 Dungeon Crawl Stone Soup version 0.29.1-2-gbd0b4ee654 (webtiles) character file.

Game seed: 304498717841033545

1 jamesblauser the Trooper (level 1, -4/24 HPs)
             Began as an Ogre Cinder Acolyte on Nov 6, 2022.
             Was a High Priest of Ignis.
             Slain by a scorpion (7 damage)
             ... on level 4 of the Dungeon.
             The game lasted 00:01:02 (205 turns).

jamesblauser the Trooper (Ogre Cinder Acolyte)       Turns: 205, Time: 00:01:04

Health: -4/24      AC:  3    Str: 17    XL:     1   Next: 20%
Magic:  2/2        EV:  9    Int: 15    God:    Ignis [*****.]
Gold:   0          SH:  0    Dex:  4    Spells: 2/2 levels left

rFire   + . .      SeeInvis .   a - -1 hand axe (flame)
rCold   . . .      Faith    .   (no shield)
rNeg    . . .      Spirit   .   b - +0 robe
rPois   .          Reflect  .   (helmet restricted)
rElec   .          Harm     .   (no cloak)
rCorr   .          Rampage  .   (gloves unavailable)
Will    .....                   (boots unavailable)
Stlth   +.........              (no amulet)
HPRegen 0.08/turn               (no ring)
MPRegen 0.08/turn               (no ring)

@: lethally poisoned (-4 -> -7)
A: large, unfitting armour, tough skin 1
a: Renounce Religion, Fiery Armour, Foxfire Swarm, Rising Flame


You were on level 4 of the Dungeon.
You worshipped Ignis.
Ignis was extremely pleased with you.
You visited 1 branch of the dungeon, and saw 4 of its levels.

Inventory:

Hand Weapons
 a - a -1 hand axe of flaming (weapon)
Armour
 b - a +0 robe (worn)
Potions
 c - a potion of heal wounds {unknown}


   Skills:
 + Level 4.0 Fighting
 + Level 3.0 Axes
 + Level 1.2 Spellcasting
 + Level 2.8 Fire Magic


You had 2 spell levels left.
You didn't know any spells.
Your spell library contained the following spells:

 Spells                   Type           Power      Damage    Failure   Level
 Scorch                   Fire           18%        2d6       12%         2


Dungeon Overview and Level Annotations

Branches:
Dungeon (4/15)
 Temple: D:4-7

Altars:


Innate Abilities, Weirdness & Mutations

You are too large for most types of armour.
You have tough skin. (AC +1)


Message History

There is an escape hatch in the floor here.
The adder bites you.
You slide downwards.
The hatch slams shut behind you.
You hear the sound of rushing water.
There is an entrance to a sewer on this level.
Hurry and find it before the portal rusts away!
The iguana hisses angrily.
Found an escape hatch in the ceiling.
Found a stone staircase leading up.
The adder closely misses you. The adder bites you.
The adder attacks as you move away! The adder barely misses you.
The adder bites you. The adder bites you. The adder closely misses you.
Found a scroll labelled IQINLAZXIE.
The adder bites you but does no damage. The adder bites you.
The iguana attacks as you move away! The iguana barely misses you.
The adder bites you but does no damage. The adder barely misses you.
The adder attacks as you move away! The adder barely misses you.
The adder bites you. The adder attacks as you move away!
The adder bites you but does no damage.
A scorpion comes into view.
The adder bites you but does no damage. The scorpion barely misses you.
You hit the scorpion but do no damage. You hit the adder. You burn the adder.
The adder bites you.
You are poisoned.
The adder poisons you! The scorpion misses you.
You closely miss the scorpion. You barely miss the adder.
You feel sick. The adder bites you. The scorpion misses you.
The adder barely misses you.
You barely miss the scorpion. You hit the adder. You burn the adder.
You feel sick. The scorpion closely misses you.
The adder bites you but does no damage.
You closely miss the scorpion. You hit the adder but do no damage.
You feel sick.
The scorpion stings you but does no damage.
The adder bites you.
* * * LOW HITPOINT WARNING * * *
The scorpion stings you!
You die...

######### #@s......
#S######. #l## #..#
##.# #.#.# ## #
########.#.#....
##.##.............?.
....................


You could see a scorpion, an iguana and an adder.

Vanquished Creatures
  A quokka (D:1)
1 creature vanquished.

Notes
Turn   | Place    | Note
-------+----------+-------------------------------------------
     0 | D:1      | jamesblauser the Ogre Cinder Acolyte began the quest for
                  | the Orb.
     0 | D:1      | Reached XP level 1. HP: 24/24 MP: 2/2
   181 | D:4      | Noticed an iguana
   200 | D:4      | Noticed a scorpion
   205 | D:4      | Slain by a scorpion

Illustrated notes

Levels and vault maps discovered:
D:1:      evilmike_arrival_crescent, layout_rooms,
          hellmonk_ecumenical_altar_blasted
D:2:      layout_basic, minmay_tromino_v7
D:3:      layout_basic
D:4:      layout_basic, minitemple, lemuel_temple_firewalk_b,
          portal_sewer_entry_c, uniq_pikel

Action                   || total
-------------------------++-------
Melee: Hand axe          ||    11
Armor: Robe              ||     9
Dodge: Dodged            ||    17
